 Dungeon Sprint DCSS version 0.18.1-6-gd335043 (webtiles) character file.

3400000 tix the Conqueror (level 21, -35/204 HPs)
             Began as a Vampire Abyssal Knight on May 18, 2016.
             Was the Champion of Lugonu.
             Annihilated by The Servant
             ... wielding a +9 glaive of flaming
              (50 damage)
             ... in the Dungeon (Sprint VIII: "Arena of Blood").
             The game lasted 00:00:57 (34 turns).

tix the Conqueror (Vampire Abyssal Knight)            Turns: 34, Time: 00:00:58

Health: -35/204    AC:  6    Str: 11    XL:     21   Next: 90%
Magic:  23/48      EV: 36    Int: 16    God:    Lugonu [******]
Gold:   0          SH:  0    Dex: 22    Spells: 0 memorised, 66 levels left

rFire  . . .     SeeInvis +     j - +∞ Axe of Woe
rCold  . . .     Gourm    .     b - +0 leather armour
rNeg   + . .     Faith    .     (shield currently unavailable)
rPois  .         Spirit   .     (no helmet)
rElec  .         Dismiss  .     (no cloak)
rCorr  .         Reflect  .     (no gloves)
SustAt .         Harm     .     (no boots)
MR     ++...     NoTele   +     (no amulet)
Stlth  ++++++++++               (no ring)
                                (no ring)

@: very resistant to hostile enchantments, uncannily stealthy
A: fangs 3, see invisible, unbreathing
a: Bat Form, Bend Space, Banish, Corrupt, Brand Weapon With Distortion, Renounce
Religion


You were in the Dungeon.
You worshipped Lugonu.
Lugonu was exalted by your worship.
You were not thirsty.

You visited 1 branch

Inventory:

Hand Weapons
 a - a +1 hand axe
 j - the +∞ Axe of Woe (weapon)
   (You found it in the Dungeon)
Armour
 b - a +0 leather armour (worn)
Scrolls
 i - a scroll of blinking
Potions
 c - a potion of blood
 d - a potion of curing
 e - a potion of heal wounds
 f - a potion of haste
 g - a potion of magic
 h - a potion of berserk rage


   Skills:
 O Level 27 Fighting
 O Level 27 Axes
 + Level 21.6 Throwing
 O Level 27 Armour
 O Level 27 Dodging
 O Level 27 Stealth
 + Level 26.4 Unarmed Combat
 + Level 23.1 Spellcasting
 O Level 27 Invocations


You had 66 spell levels left.
You didn't know any spells.

Dungeon Overview and Level Annotations

Branches:
Dungeon (1/1)

Altars:
Makhleb
Lugonu

Annotations:
D corrupted, The Servant


Innate Abilities, Weirdness & Mutations

You have razor-sharp teeth.
You have supernaturally acute eyesight.
You can survive without breathing.


Message History

An orc and a vampire knight come into view.
The destroyer hits the freezing wraith with a +9 great sword of slicing!!!!
The freezing wraith is destroyed!
You hear a shout!
The spatial maelstrom hits the bag of meat!
The bag of meat blinks!
The spatial maelstrom hits the bag of meat!
Space bends around the bag of meat.
The neqoxec hits the bag of meat!
A tentacle flies out from the starspawn's body!
The raiju closely misses the destroyer.
The ynoxinul gestures.
A starcursed mass splits.
The destroyer blinks!
The small abomination hits the bag of meat!
The destroyer blinks!
The worldbinder calls forth creatures from the Orcish Mines!
The Servant hits you from afar with a +9 glaive of flaming!!!!
Ouch! That really hurt!
* * * LOW HITPOINT WARNING * * *
The Servant burns you!!!
You die...

.... #.4oo.
.53# ..X...
#.§E##.zd.
##....o4#
Xs##33.h5W####.
.3...Zx#ovx#...
..#..#h§DhV..#§
...#V.V3)X#....
. ##§.@o@# .
##C.o§.#
..#..x..§..
....#.##ovV.V..
.###..
§.Z..##..o
....h...##. ..
.#.......#.. .
...X.o.....


You could see The Servant, 5 destroyers, a large bag of meat (inner flame), 5
bags of meat, a neutral bone dragon, a neutral starcursed mass, 2 neutral
tentacled starspawn, a neutral spatial maelstrom, a neutral hell hog, a neutral
worldbinder, a neutral sixfirhy, 2 neutral raiju, a neutral fire elemental, 3
neutral neqoxecs, a neutral ynoxinul, 2 neutral orc warriors, 2 neutral small
abominations, a neutral shadow, a neutral insubstantial wisp, a neutral wight, 2
neutral ufetubi, a neutral golden dragon skeleton and a neutral spriggan
skeleton.

Vanquished Creatures
  4 vampire knights (D)
  4 ogres (D)
  18 orcs (D)
26 creatures vanquished.

Notes
Turn   | Place    | Note
--------------------------------------------------------------
     0 | D        | tix the Vampire Abyssal Knight began the quest for the Orb.
     0 | D        | Reached XP level 1. HP: 17/17 MP: 2/2
     2 | D        | Noticed a bag of meat
     3 | D        | Noticed a meat berserker
     5 | D        | Noticed a bag of meat
     5 | D        | Noticed a bag of meat
     5 | D        | Killed a bag of meat
     5 | D        | Reached skill level 10 in Axes
     5 | D        | Reached XP level 2. HP: 50/50 MP: 2/7
     5 | D        | Reached XP level 3. HP: 57/57 MP: 2/9
     5 | D        | Reached XP level 4. HP: 64/64 MP: 2/10
     5 | D        | Reached XP level 5. HP: 71/71 MP: 2/12
     5 | D        | Reached XP level 6. HP: 78/78 MP: 2/13
     5 | D        | Reached XP level 7. HP: 84/84 MP: 2/14
     5 | D        | Reached XP level 8. HP: 92/92 MP: 2/15
     5 | D        | Reached XP level 9. HP: 98/98 MP: 2/16
     5 | D        | Reached XP level 10. HP: 106/106 MP: 2/17
     5 | D        | Reached XP level 11. HP: 112/112 MP: 2/18
     6 | D        | Killed a meat berserker
     6 | D        | Reached ** piety under Lugonu
     6 | D        | Reached skill level 15 in Dodging
     6 | D        | Reached XP level 12. HP: 85/130 MP: 2/20
     6 | D        | Reached XP level 13. HP: 89/137 MP: 2/21
    10 | D        | Killed a bag of meat
    10 | D        | Reached XP level 14. HP: 98/148 MP: 3/23
    13 | D        | Noticed a bag of meat
    14 | D        | Noticed a bag of meat
    15 | D        | Noticed a meat berserker
    15 | D        | Noticed a bag of meat
    16 | D        | Noticed a bag of meat
    17 | D        | Noticed a bag of meat
    18 | D        | Noticed a bag of meat
    18 | D        | Noticed a bag of meat
    18 | D        | Noticed a bag of meat
    18 | D        | Noticed a bag of meat
    19 | D        | Noticed a bag of meat
    19 | D        | Noticed a bag of meat
    19 | D        | Noticed a bag of meat
    19 | D        | Noticed a meat berserker
    19 | D        | Killed a meat berserker
    19 | D        | Reached *** piety under Lugonu
    19 | D        | Reached skill level 27 in Fighting
    19 | D        | Reached skill level 5 in Armour
    19 | D        | Reached XP level 15. HP: 109/159 MP: 4/25
    19 | D        | Reached skill level 15 in Invocations
    21 | D        | Noticed a destroyer
    22 | D        | Noticed a meat berserker
    22 | D        | Reached **** piety under Lugonu
    22 | D        | Reached XP level 16. HP: 116/167 MP: 5/28
    23 | D        | Reached ***** piety under Lugonu
    23 | D        | Reached XP level 17. HP: 121/174 MP: 5/30
    23 | D        | Reached skill level 10 in Armour
    24 | D        | Killed a meat berserker
    24 | D        | Reached skill level 27 in Axes
    24 | D        | Reached skill level 27 in Dodging
    24 | D        | Reached XP level 18. HP: 127/182 MP: 5/33
    25 | D        | Noticed a destroyer
    26 | D        | Noticed a large bag of meat
    27 | D        | Reached skill level 15 in Armour
    27 | D        | Reached skill level 27 in Invocations
    27 | D        | Killed a destroyer
    27 | D        | Reached ****** piety under Lugonu
    27 | D        | Reached XP level 19. HP: 133/189 MP: 29/36
    28 | D        | Killed a meat berserker
    28 | D        | Reached skill level 27 in Armour
    28 | D        | Killed a destroyer
    28 | D        | Reached skill level 10 in Throwing
    28 | D        | Reached XP level 20. HP: 139/197 MP: 29/37
    28 | D        | Reached skill level 15 in Unarmed Combat
    29 | D        | Noticed a destroyer
    29 | D        | Reached skill level 15 in Spellcasting
    30 | D        | Noticed The Servant
    30 | D        | Noticed a destroyer
    30 | D        | Noticed a destroyer
    30 | D        | Killed a destroyer
    30 | D        | Reached skill level 27 in Stealth
    30 | D        | Reached XP level 21. HP: 144/204 MP: 29/43
    32 | D        | Corrupted D
    32 | D        | Noticed a destroyer
    32 | D        | Noticed a destroyer
    33 | D        | Noticed a destroyer
    33 | D        | Killed a destroyer
    34 | D        | Noticed a destroyer
    34 | D        | Annihilated by The Servant

Skill      XL: |  1  2  3  4  5  6  7  8  9 10 11 12 13 14 15 16 17 18 19 20 21 |
---------------+----------------------------------------------------------------+-----
Fighting       | 19 24 25 27 | 27.0
Axes           | 10 13 14 16 20 24 27 | 27.0
Armour         | 3 4 5 7 9 13 24 27 | 27.0
Dodging        | 12 15 16 18 22 25 27 | 27.0
Invocations    | 9 11 12 14 17 19 23 27 | 27.0
Throwing       | 10 17 21 | 21.6
Stealth        | 17 27 | 27.0
Unarmed Combat | 13 21 26 | 26.4
Spellcasting   | 11 18 23 | 23.1

Action                   |  1- 3 |  4- 6 |  7- 9 | 10-12 | 13-15 | 16-18 | 19-21 || total
-------------------------+-------+-------+-------+-------+-------+-------+-------++-------
Melee: Executioner's axe |     1 |       |       |     1 |     4 |     4 |     5 ||    15
Invok: Bend Space        |       |       |       |       |       |       |     1 ||     1
       Corrupt           |       |       |       |       |       |       |     1 ||     1
  Use: Potion            |       |       |       |       |       |     1 |       ||     1
